 Dungeon Crawl Stone Soup version 0.17-a0-82-g3e33fa6 (webtiles) character file.

1514 BluebellGnoll the Covert (level 8, 27/36 HPs)
             Began as a Spriggan Venom Mage on Mar 16, 2015.
             Quit the game on level 6 of the Dungeon.
             The game lasted 00:28:35 (4275 turns).

BluebellGnoll the Covert (Spriggan Venom Mage)      Turns: 4275, Time: 00:28:35

Health: 27/36      AC:  2    Str:  0 (4)  XL:     8   Next: 53%
Magic:  20/31      EV: 22    Int: 18      God:
Gold:   303        SH:  0    Dex: 17      Spells: 2 memorised, 10 levels left

rFire  . . .     SeeInvis +     g - +0 rapier (speed)
rCold  + . .     Clarity  .     a - +0 robe
rNeg   + . .     SustAb   .     (shield restricted)
rPois  .         Gourm    .     (helmet restricted)
rElec  .         Spirit   .     (no cloak)
rCorr  .         Warding  +     (gloves unavailable)
rMut   .         Stasis   .     (boots unavailable)
MR     +....                    j - amulet of warding
Stlth  ++........               w - ring of protection from cold
                                r - ring of magical power

@: confused, very slightly contaminated, lost strength, slow, somewhat resistant
to hostile enchantments, unstealthy
A: unfitting armour, see invisible, herbivore 3, speed 3, slow metabolism 2
a: no special abilities


You were on level 6 of the Dungeon.
You were not hungry.

You visited 1 branch of the dungeon, and saw 6 of its levels.
You also visited: Sewer.

You collected 303 gold pieces.

Inventory:

Hand weapons
 g - a +0 rapier of speed (weapon)
 m - a +1 antimagic dagger
Missiles
 d - 15 stones (quivered)
 l - 6 poisoned needles
 t - 4 tomahawks
 x - 4 needles of sleeping
Armour
 a - a +0 robe (worn)
Jewellery
 i - an uncursed amulet of resist corrosion
 j - an amulet of warding (around neck)
 r - a ring of magical power (left hand)
 w - a ring of protection from cold (right hand)
Magical devices
 y - a wand of slowing (10)
 z - a wand of confusion (28)
Scrolls
 e - 3 scrolls of identify
 h - a scroll of amnesia
 k - 2 scrolls of fear
 u - 5 scrolls of remove curse
 D - a scroll of recharging
Potions
 f - a potion of restore abilities {unknown}
 n - 2 potions of heal wounds
 o - a potion of brilliance
 q - 3 potions of agility
 A - a potion of curing {unknown}
 B - a potion of poison {unknown}
 C - a potion of flight {unknown}
 E - a potion of invisibility {unknown}
Books
 b - a Young Poisoner's Handbook

   Spells                             Type                      Level
   a - Sting                          Conjuration/Poison           1
   b - Cure Poison                    Poison                       2
   c - Mephitic Cloud                 Conjuration/Poison/Air       3
   d - Olgreb's Toxic Radiance        Poison                       4
   e - Venom Bolt                     Conjuration/Poison           5
Comestibles
 c - 4 bread rations
 v - a royal jelly


   Skills:
 - Level 2.3 Short Blades
 + Level 6.5 Dodging
 - Level 11.1 Stealth
 - Level 3.6 Spellcasting
 - Level 5.4 Air Magic
 - Level 4.0 Poison Magic


You had 10 spell levels left.
You knew the following spells:

 Your Spells              Type           Power        Failure   Level  Hunger
a - Sting                 Conj/Pois      ##..         10%         1    None
g - Mephitic Cloud        Conj/Pois/Air  ##......     14%         3    ###....


Dungeon Overview and Level Annotations

Branches:
Dungeon (6/15)
 Temple: D:4-7

Altars:
Cheibriados

Annotations:
D:4 MackTheKnife's ghost, experienced DsAs
D:6 Dowan; Pikel


Innate Abilities, Weirdness & Mutations

You are tiny and cannot use many weapons and most armour.
You have supernaturally acute eyesight.
You are a herbivore.
You cover ground extremely quickly.
You need consume almost no food.


Message History

Aiming: Mephitic Cloud
Press: ? - help, Shift-Dir - straight line, f - Dowan
Aim: Dowan, wielding an enchanted dagger and wearing a robe You miscast Mephitic Cloud.
You are very lightly contaminated with residual magic.
Your hair stands on end.
Dowan zaps a wand.
Your will is overpowered!
You are confused.
It is a wand of enslavement.
Drink which item? (? for menu, Esc to quit)
Okay, then.
Drink which item? (? for menu, Esc to quit)
It was a potion of degeneration.
There was something very wrong with that liquid.
You feel weakened.
You have lost your strength.
Dowan zaps a wand.
You resist with almost no effort. Dowan casts a spell at you.
The puff of frost hits you! You resist.
Dowan zaps a wand.
You resist with almost no effort.
You can move again.
Are you sure you want to abandon this character and quit the game? (Confirm with "yes".)

#p #.# #. #.#
#.##### #.#
#.....## #.#
#.##...####.###
#!#.#.#.#.....#
#....[.Ke.....#
###.#)#.#.....##
##..K##@.....##
......###.....#.#
####..# ##.###.##
#..# ##.#.##
ยง..# #...# ##..#
#.#.# ..# #.#.#
..#.# ####.#


You could see Dowan.

Vanquished Creatures
  The ghost of Restia the Arsonist, an experienced DEFE of Vehumet (D:5)
  Prince Ribbit (D:5)
  Eustachio (D:4)
  Purgy (Sewer)
  3 ogres
  A sky beast (D:5)
  A slave (D:6)
  A black bear (D:5)
  A scorpion (D:6)
  2 hounds
  An iguana (D:5)
  2 orc wizards (D:6)
  A worker ant (D:5)
  A hound zombie (D:5)
  6 adders
  A river rat (D:6)
  A worker ant zombie (D:6)
  A gnoll (D:3)
  2 giant mites
  A worm (D:5)
  A giant gecko (D:3)
  An ooze (D:3)
  8 orcs
  4 ball pythons
  6 giant cockroaches
  10 hobgoblins
  11 jackals
  9 kobolds
  10 bats
  7 giant newts
  8 goblins
  A quokka (D:2)
  16 rats
122 creatures vanquished.

Notes
Turn   | Place    | Note
--------------------------------------------------------------
     0 | D:1      | BluebellGnoll, the Spriggan Venom Mage, began the quest for the Orb.
     0 | D:1      | Reached XP level 1. HP: 9/9 MP: 4/4
   170 | D:1      | Reached XP level 2. HP: 13/13 MP: 4/8
   798 | D:1      | Reached skill level 5 in Stealth
   941 | D:2      | Reached XP level 3. HP: 11/16 MP: 11/11
  1193 | D:2      | Learned a level 3 spell: Mephitic Cloud
  1258 | D:2      | Reached skill level 1 in Air Magic
  1446 | D:2      | Reached XP level 4. HP: 21/21 MP: 12/14
  2123 | D:3      | Reached skill level 1 in Short Blades
  2393 | D:3      | Reached XP level 5. HP: 19/24 MP: 14/16
  2529 | D:3      | Found a snail-covered altar of Cheibriados.
  2690 | D:4      | Noticed Eustachio
  2706 | D:4      | Killed Eustachio
  2706 | D:4      | Reached skill level 6 in Dodging
  2706 | D:4      | Reached XP level 6. HP: 28/28 MP: 18/18
  2772 | D:4      | Noticed MackTheKnife's ghost (experienced DsAs)
  2808 | D:5      | Entered Level 5 of the Dungeon
  2896 | D:5      | Noticed Prince Ribbit
  2910 | D:5      | Killed Prince Ribbit
  2910 | D:5      | Reached skill level 8 in Stealth
  2910 | D:5      | Reached XP level 7. HP: 32/32 MP: 15/20
  3013 | D:5      | Reached skill level 9 in Stealth
  3314 | D:5      | Noticed Restia's ghost (experienced DEFE)
  3332 | D:5      | Killed Restia's ghost
  3332 | D:5      | Reached skill level 11 in Stealth
  3665 | D:5      | Reached XP level 8. HP: 36/36 MP: 22/22
  3943 | D:6      | Found a glowing drain.
  4043 | Sewer    | Entered a sewer
  4135 | Sewer    | Reached skill level 5 in Air Magic
  4160 | Sewer    | Noticed Purgy
  4168 | Sewer    | Killed Purgy
  4263 | D:6      | Noticed Pikel
  4267 | D:6      | Noticed Dowan
  4272 | D:6      | Lost strength.
  4275 | D:6      | Quit the game

Action                   |  1- 3 |  4- 6 |  7- 9 || total
-------------------------+-------+-------+-------++-------
Melee: Short sword       |    25 |    41 |       ||    66
       Rapier            |       |     7 |    43 ||    50
 Cast: Sting             |    51 |    90 |    66 ||   207
       Mephitic Cloud    |       |     3 |     6 ||     9
Evoke: Wand              |       |     2 |    17 ||    19
  Use: Scroll            |       |     8 |     4 ||    12
       Potion            |       |       |     2 ||     2
 Stab: Sleeping          |     6 |     7 |     9 ||    22
       Confused          |       |     2 |     3 ||     5
  Eat: Royal jelly       |     1 |       |       ||     1
